 Dungeon Crawl Stone Soup version 0.17-a0-649-g87edefa (webtiles) character file.

146 frag the Covered (level 5, -2/46 HPs)
             Began as a Minotaur Fighter on Apr 17, 2015.
             Was an Initiate of Okawaru.
             Shot with an arrow by a centaur (8 damage)
             ... on level 4 of the Dungeon.
             The game lasted 00:12:18 (2850 turns).

frag the Covered (Minotaur Fighter)                 Turns: 2850, Time: 00:12:18

Health: -2/46      AC:  8    Str: 22    XL:     5   Next: 7%
Magic:  1/1        EV:  8    Int:  5    God:    Okawaru [......]
Gold:   196        SH:  9    Dex:  9    Spells: 0 memorised, 4 levels left

rFire  . . .     SeeInvis .     n - +3 hand axe (antimagic)
rCold  . . .     Clarity  .     b - +0 scale mail
rNeg   . . .     SustAb   .     c - +0 shield
rPois  .         Gourm    .     (helmet restricted)
rElec  .         Spirit   .     (no cloak)
rCorr  .         Warding  .     l - +0 pair of gloves
rMut   .         Stasis   +     (no boots)
MR     .....                    r - amulet of stasis
Stlth  ..........               (no ring)
                                (no ring)

@: not resistant to hostile enchantments, extremely unstealthy
A: retaliatory headbutt, horns 2
a: Renounce Religion


You were on level 4 of the Dungeon.
You worshipped Okawaru.
Okawaru was noncommittal.
You were not hungry.

You visited 1 branch of the dungeon, and saw 4 of its levels.

You collected 196 gold pieces.

Inventory:

Hand weapons
 a - a +0 long sword
 n - a +3 antimagic hand axe (weapon)
Armour
 b - a +0 scale mail (worn)
 c - a +0 shield (worn)
 l - a +0 pair of gloves (worn)
Jewellery
 r - an amulet of stasis (around neck)
Magical devices
 p - a wand of magic darts (22)
 q - a wand of confusion (27)
Scrolls
 g - 2 scrolls of identify
 h - a scroll of noise
Potions
 e - 3 potions of might
 i - 2 potions of flight {unknown}
 j - a potion of poison {unknown}
 k - a potion of heal wounds {unknown}
 m - a potion of brilliance {unknown}
 o - a potion of mutation {unknown}
Comestibles
 d - 3 bread rations
 f - a royal jelly


   Skills:
 + Level 3.9 Fighting
 + Level 2.8 Long Blades
 + Level 1.4 Axes
 + Level 4.8 Armour
 + Level 1.6 Dodging
 + Level 0.3 Stealth
 + Level 4.8 Shields


You had 4 spell levels left.
You didn't know any spells.

Dungeon Overview and Level Annotations

Branches:
Dungeon (4/15)
 Temple: D:4-7

Altars:
Makhleb
Okawaru
Xom
Yredelemnul


Innate Abilities, Weirdness & Mutations

You reflexively headbutt those who attack you in melee.
You have a pair of horns on your head.


Message History

A centaur comes into view.
The centaur shouts!
The centaur wields a shortbow.
The centaur shoots an arrow.
You block the arrow.
You see here an arrow.
The centaur shoots an arrow.
The arrow hits you!
You see here an arrow.
The centaur shoots an arrow.
The arrow hits you.
The centaur shoots an arrow.
The arrow hits you.
* * * LOW HITPOINT WARNING * * *
You see here 2 arrows.
The centaur shoots an arrow.
You block the arrow.
You see here an arrow.
The centaur shoots an arrow.
The arrow hits you.
* * * LOW HITPOINT WARNING * * *
The centaur shoots an arrow.
The arrow hits you but does no damage.
You see here 2 arrows.
The centaur shoots an arrow.
You block the arrow.
The centaur shoots an arrow.
The arrow hits you!
You die...

### ###..#...#
######...###...#
.........# #...#
.........# #..
#######..# # ####
#..# #..## #..##
###.## ###...###
##.#####..@....#
##.##.((..#......#
#......#####....#
##....## #...#
#.c### ....
#.(######## ..
#.(......c. .
#..........
#.......###


You could see a centaur.

Vanquished Creatures
  Natasha (D:4)
  A worker ant (D:4)
  3 adders
  7 giant geckos
  4 giant cockroaches
  4 goblins
  8 hobgoblins
  9 jackals
  8 bats
  8 giant newts
  5 kobolds
  9 rats
67 creatures vanquished.

Notes
Turn   | Place    | Note
--------------------------------------------------------------
     0 | D:1      | frag, the Minotaur Fighter, began the quest for the Orb.
     0 | D:1      | Reached XP level 1. HP: 19/19 MP: 0/0
   160 | D:1      | Reached XP level 2. HP: 10/27 MP: 1/1
   247 | D:1      | Reached skill level 4 in Shields
   398 | D:1      | Reached XP level 3. HP: 24/33 MP: 2/2
   874 | D:2      | Found a shimmering altar of Xom.
  1171 | D:2      | Reached skill level 1 in Dodging
  1184 | D:2      | Found a burning altar of Makhleb.
  1336 | D:2      | Found a basalt altar of Yredelemnul.
  1848 | D:2      | Reached XP level 4. HP: 40/40 MP: 1/3
  2060 | D:3      | Found an iron altar of Okawaru.
  2069 | D:3      | Became a worshipper of Warmaster Okawaru
  2704 | D:4      | Reached skill level 1 in Axes
  2799 | D:4      | Noticed Natasha
  2812 | D:4      | Killed Natasha
  2812 | D:4      | Reached XP level 5. HP: 23/46 MP: 1/4
  2837 | D:4      | Noticed a centaur
  2850 | D:4      | Shot with an arrow by a centaur

Action                   |  1- 3 |  4- 6 || total
-------------------------+-------+-------++-------
Melee: Long sword        |   104 |       ||   104
       Hand axe          |    21 |    45 ||    66
  Use: Scroll            |     1 |     6 ||     7
  Eat: Chunk             |     2 |     3 ||     5
       Pizza             |       |     1 ||     1
